 Dungeon Crawl Stone Soup version 0.16-a0-3911-g06eb01e (webtiles) character file.

182 Minkie the Digger (level 5, 0/28 HPs)
             Began as a Gargoyle Earth Elementalist on Feb 3, 2015.
             Was an Initiate of Ashenzari.
             Slain by a quokka (1 damage)
             ... summoned by a shadow trap
             ... triggered by the player character
             ... on level 4 of the Dungeon.
             The game lasted 00:10:49 (3752 turns).

Minkie the Digger (Gargoyle Earth Elementalist)     Turns: 3752, Time: 00:10:49

Health: 0/28       AC: 17    Str: 18    XL:     5   Next: 61%
Magic:  9/9        EV: 11    Int: 16    God:    Ashenzari [......]
Gold:   67         SH:  0    Dex: 10    Spells: 2 memorised, 4 levels left

rFire  . . .     SeeInvis .     r - +0 dagger (protect)
rCold  . . .     Clarity  .     q - +3 ring mail
rNeg   + . .     SustAb   .     (no shield)
rPois  ∞         Gourm    .     (no helmet)
rElec  +         Spirit   .     (no cloak)
rCorr  .         Warding  .     (no gloves)
rMut   .         Stasis   .     (no boots)
MR     .....                    (no amulet)
Stlth  +.........               (no ring)
                                o - +6 ring of strength

@: not resistant to hostile enchantments, very unstealthy
A: negative energy resistance 1, electricity resistance, unbreathing,
petrification resistance, rot immunity, AC +4
a: Renounce Religion


You were on level 4 of the Dungeon.
You worshipped Ashenzari.
Ashenzari was noncommittal.
You were very hungry.

You visited 1 branch of the dungeon, and saw 4 of its levels.

You collected 67 gold pieces.

Inventory:

Hand weapons
 f - a +0 club
 r - a +0 dagger of protection (weapon)
Missiles
 b - 106 stones (quivered)
Armour
 q - a +3 ring mail (worn)
Jewellery
 o - a +6 ring of strength (left hand)
Magical devices
 w - a wand of magic darts (20)
 A - a wand of digging (9)
Scrolls
 g - 3 scrolls of magic mapping {unknown}
 h - 5 scrolls of identify {unknown}
 j - 3 scrolls of fog {unknown}
 p - 2 scrolls of remove curse
 u - a scroll of enchant weapon {unknown}
 y - a scroll of noise {unknown}
Potions
 e - a potion of cancellation {unknown}
 k - 3 potions of heal wounds {unknown}
 l - a potion of invisibility {unknown}
 m - a potion of magic {unknown}
 n - 2 potions of curing {unknown}
 s - a potion of flight {unknown}
 t - a potion of berserk rage {unknown}
 v - a potion of poison {unknown}
Books
 d - a book of Geomancy

   Spells                             Type                      Level
   a - Sandblast                      Earth                        1
   b - Stoneskin                      Transmutation/Earth          2
   c - Passwall                       Transmutation/Earth          3
   d - Stone Arrow                    Conjuration/Earth            3
   e - Petrify                        Transmutation/Earth          4
   f - Lee's Rapid Deconstruction     Earth                        5
Comestibles
 a - 3 bread rations
 c - 3 fruits
 i - 2 meat rations
 z - a slice of pizza


   Skills:
 - Level 1.5 Dodging
 - Level 2.1 Stealth
 - Level 2.0 Spellcasting
 + Level 0.7 Conjurations
   Level 0.7 Transmutations
 + Level 7.2 Earth Magic


You had 4 spell levels left.
You knew the following spells:

 Your Spells              Type           Power        Failure   Level  Hunger
a - Sandblast             Erth           ###...       1%          1    #......
b - Stone Arrow           Conj/Erth      ##....       28%         3    ###....


Dungeon Overview and Level Annotations

Branches:
Dungeon (4/15)
 Temple: D:4-7

Altars:
Ashenzari


Innate Abilities, Weirdness & Mutations

You are resistant to torment.
You are immune to poison.
Your stone body is very resilient (AC +4).
You resist negative energy.
You are resistant to electric shocks.
You can survive without breathing.
You are immune to petrification.
You are immune to rotting.


Message History

The quokka bites you.
* * * LOW HITPOINT WARNING * * *
The hound zombie bites you but does no damage.
The quokka bites you but does no damage.
The goblin completely misses you. The goblin closely misses you.
The hound zombie closely misses you. The quokka barely misses you.
The goblin closely misses you. x2
The hound zombie misses you. The quokka closely misses you.
The goblin hits you but does no damage. x2
The hound zombie bites you but does no damage.
The quokka barely misses you. The hound zombie barely misses you.
The goblin hits you but does no damage. x2
The quokka barely misses you. The hound zombie bites you.
* * * LOW HITPOINT WARNING * * *
The goblin misses you. The goblin hits you with a dagger.
* * * LOW HITPOINT WARNING * * *
The quokka bites you but does no damage.
The hound zombie bites you but does no damage.
The quokka bites you.
You die...

..### .## #..# .#
....###..# #..###..
.##...#..# #...#..
.###.....###.....#
.................# .
.................#####...
..####.##..............#
..# #..# #......rg.# ..
##..###....##@Z##
##....###..####g#
#....(.....# #...
....##.......# #.#...
.#.. ###......# ..####..
##. #.##.....#..# ..#
#.......## ##. #...##.. #
#...# .


You could see a hound zombie, a quokka and 2 goblins.

Vanquished Creatures
  An orc wizard (D:3)
  Ijyb (D:2)
  Jessica (D:2)
  Robin (D:4)
  3 adders
  A worm (D:3)
  A giant mite (D:2)
  2 giant geckos
  7 orcs (D:3)
  2 ball pythons
  15 goblins
  7 hobgoblins
  A quokka (D:3)
  2 bats (D:1)
  2 giant cockroaches (D:1)
  7 kobolds
  11 rats
65 creatures vanquished.

Notes
Turn   | Place    | Note
--------------------------------------------------------------
     0 | D:1      | Minkie, the Gargoyle Earth Elementalist, began the quest for the Orb.
     0 | D:1      | Reached XP level 1. HP: 10/10 MP: 3/3
   175 | D:1      | Reached skill level 4 in Earth Magic
   397 | D:1      | Reached XP level 2. HP: 15/15 MP: 4/4
  1448 | D:2      | Found a shattered altar of Ashenzari.
  1448 | D:2      | Noticed Ijyb
  1452 | D:2      | Reached XP level 3. HP: 19/19 MP: 4/6
  1464 | D:2      | Killed Ijyb
  1464 | D:2      | Reached skill level 5 in Earth Magic
  1535 | D:2      | Became a worshipper of Ashenzari the Shackled
  1574 | D:2      | Noticed Jessica
  1577 | D:2      | Killed Jessica
  1577 | D:2      | Reached XP level 4. HP: 24/24 MP: 5/7
  1715 | D:2      | Reached skill level 6 in Earth Magic
  2632 | D:3      | Reached XP level 5. HP: 12/28 MP: 3/9
  2810 | D:3      | Learned a level 3 spell: Stone Arrow
  3031 | D:3      | Reached skill level 7 in Earth Magic
  3341 | D:4      | Noticed Robin
  3449 | D:4      | Killed Robin
  3751 | D:4      | HP: 1/28 [goblin/dagger[the player character] (2)]
  3752 | D:4      | Slain by a quokka

Action                   |  1- 3 |  4- 6 || total
-------------------------+-------+-------++-------
Melee: Club              |    65 |       ||    65
       Unarmed           |     5 |       ||     5
       Dagger            |       |   233 ||   233
 Cast: Sandblast         |    23 |    28 ||    51
  Eat: Chunk             |     3 |     6 ||     9
